cohdb
Replays
Latest Replays
All Replays
Popular Replays
Top Player Replays
Match Explorer
How It Works
Community
CoH3 Stats
Reddit
Sign in to upload your games and track your stats! →
Sign in with Steam
Match 42677233
Unlisted
Match 42677233
Overview
Messages
Build Orders
End
Kettenkrad Recon Vehicle
Construct Infanterie Kompanie
MG 42 Machine Gun Team
Grenadier Squad
GrW 34 Mortar Team
Grenadier Squad
Construct Panzergrenadier Kompanie
251 Medium Carrier
Pak 40 Anti-tank Gun Team
Pak 40 Anti-tank Gun Team
Construct Panzer Kompanie
Stoßtruppen Squad
Forward Retreat Point
Medical Bunker
Sturmpanzer IV Brummbär
Selects Terror Battlegroup
Selects Machine Gun Camouflage
Selects Defend the Fatherland
Panzer IV Medium Tank
Side Skirts
wila
LittleFatty233
Newkid456
LegendPistachios
Chieftain
sapwood
Toyosatomimi no Miko
Alekel
0
0
Comments
sign in to comment!
No comments posted yet!